Map: Sanctuary III LE

Players

Pschhh

  • Race: Protoss Protoss
  • League: Gold

Kwispy - Winner!

  • Race: Terran Terran
  • League: Bronze

VOD

Have the link to the VOD?

Description

Time

  • Played on: Nov. 8, 2026, 5:40 p.m.
  • Length: 23:06
Show
View Real Time Build Order
Export as new Build Order

Pschhh Protoss 

Build Orders: 1 Gate Expand 

Get SALT Encoding   

  12  0:01  Probe  
  13  0:17  Pylon  
  13  0:18  Probe  
  14  0:30  Probe  
  15  0:37  Gateway  
  15  0:41  Assimilator  
  15  0:52  Probe (Chrono Boost)  
  17  1:04  Probe (Chrono Boost)  
  17  1:13  Probe (Chrono Boost)  
  18  1:24  Probe  
  19  1:28  Cybernetics Core  
  19  1:40  Nexus  
  19  1:44  Probe  
  20  1:56  Probe  
  20  1:58  Assimilator  
  21  2:08  Probe  
  21  2:11  Warp Gate (Chrono Boost)  
  22  2:20  Probe  
  23  2:31  Pylon  
  23  2:32  Pylon  
  23  2:49  Stalker, Probe  
  26  2:56  Probe  
  27  3:01  Probe  
  28  3:08  Probe  
  29  3:13  Probe  
  29  3:16  Stalker  
  32  3:20  Probe  
  32  3:24  Robotics Facility  
  33  3:32  Probe, Shield Battery  
  34  3:35  Probe  
  35  3:44  Probe  
  35  3:47  Probe  
  37  3:49  Pylon  
  37  3:51  Pylon  
  37  3:56  Probe  
  37  3:58  Gateway  
  37  3:59  Probe  
  39  4:03  Gateway  
  39  4:11  Forge  
  39  4:12  Probe  
  40  4:19  Stalker  
  40  4:24  Probe  
  43  4:30  Immortal  
  47  4:36  Probe  
  48  4:46  Probe  
  48  4:48  Probe  
  50  4:58  Probe, Protoss Ground Weapons Level 1 (Chrono Boost)  
  51  5:00  Probe  
  51  5:02  Twilight Council  
  52  5:09  Observer  
  52  5:10  Probe  
  52  5:12  Probe  
  52  5:13  Stalker x3  
  61  5:22  Probe, Assimilator  
  61  5:26  Warp Prism  
  64  5:34  Probe  
  49  5:42  Charge (Chrono Boost)  
  65  6:03  Photon Cannon  
  65  6:07  Photon Cannon  
  65  6:20  Pylon  
  65  6:22  Assimilator  
  65  6:23  Pylon  
  65  6:43  Gateway  
  65  6:45  Gateway  
  65  6:46  Gateway  
  65  6:48  Protoss Ground Weapons Level 2 (Chrono Boost), Gateway  
  65  6:50  Gateway  
  65  7:00  Zealot x3  
  54  7:57  Zealot x8  
  70  8:14  Nexus  
  70  8:21  Pylon  
  70  8:30  Immortal  
  74  8:42  Zealot  
  74  8:43  Zealot x7  
  90  9:05  Stalker x2  
  94  9:18  Pylon  
  94  9:21  Pylon x2  
  94  9:22  Pylon  
  94  9:23  Protoss Ground Weapons Level 3 (Chrono Boost)  
  94  9:26  Immortal  
  94  9:27  Pylon  
  94  9:29  Pylon  
  98  9:41  Probe  
  98  9:45  Probe  
  100  9:53  Probe  
  100  9:57  Probe  
  102  10:05  Probe, Immortal  
  107  10:07  Shield Battery  
  107  10:09  Shield Battery, Photon Cannon, Probe  
  107  10:11  Photon Cannon  
  107  10:12  Photon Cannon x2  
  108  10:18  Photon Cannon  
  108  10:21  Probe  
  108  10:22  Zealot x8  
  125  10:42  Assimilator  
  125  10:44  Assimilator, Immortal  
  129  11:02  Zealot x3  
  129  11:03  Zealot x5  
  145  11:24  Immortal  
  149  11:28  Stalker  
  149  11:29  Stalker x3  
  157  11:39  Pylon  
  157  11:40  Pylon  
  157  11:45  Pylon  
  157  11:48  Pylon x2  
  157  12:03  Protoss Ground Armor Level 1  
  157  12:07  Stargate x2  
  157  12:10  Stargate  
  157  12:11  Stargate  
  91  12:50  Zealot x2  
  91  12:51  Zealot x6  
  87  13:16  Zealot x5  
  87  13:17  Zealot x3  
  85  13:43  Zealot x2  
  85  13:44  Zealot x6  
  71  14:14  Zealot x3  
  71  14:15  Zealot x5  
  79  14:23  Immortal  
  75  14:43  Stalker x7  
  75  14:44  Robotics Bay, Stalker  
  79  15:03  Immortal  
  63  15:23  Protoss Ground Armor Level 2 (Chrono Boost)  
  63  15:42  Immortal  
  67  15:59  Robotics Facility  
  67  16:20  Fleet Beacon  
  67  16:38  Immortal  
  71  16:43  Nexus  
  71  16:46  Pylon  
  71  16:48  Stalker x8  
  87  17:04  Shield Battery  
  87  17:06  Shield Battery  
  87  17:12  Photon Cannon  
  87  17:14  Photon Cannon  
  87  17:16  Photon Cannon  
  87  17:17  Photon Cannon  
  87  17:18  Immortal  
  87  17:19  Photon Cannon  
  91  17:26  Tempest x3  
  91  17:27  Tempest  
  107  17:35  Stalker  
  107  17:36  Zealot x3  
  115  17:57  Immortal  
  119  18:09  Tempest x3  
  131  18:36  Immortal  
  127  18:50  Zealot x7  
  127  18:51  Zealot  
  74  19:15  Immortal  
  70  19:20  Zealot  
  70  19:21  Zealot x5  
  70  19:22  Zealot  
  48  20:12  Zealot x8  
  40  20:33  Zealot x6  
  40  20:34  Zealot x2  
  52  21:17  Nexus  
  52  22:04  Zealot  
  52  22:05  Zealot x5  
  35  22:47  Zealot x3  
  35  22:48  Zealot x2  
Show
View Real Time Build Order
Export as new Build Order

Kwispy Terran - Winner!

Build Orders: 2 Factory, Mech 

Get SALT Encoding   

  12  0:02  SCV  
  13  0:14  SCV  
  13  0:19  Supply Depot  
  14  0:27  SCV  
  15  0:41  SCV  
  16  0:43  Barracks  
  16  0:52  Refinery  
  16  0:53  SCV  
  17  1:05  SCV  
  18  1:17  SCV  
  19  1:30  Orbital Command  
  19  1:38  Command Center  
  19  1:55  Factory  
  19  2:01  SCV  
  20  2:07  Refinery  
  20  2:08  Barracks Tech Lab  
  20  2:16  SCV  
  20  2:22  Supply Depot  
  21  2:28  SCV  
  22  2:31  Marine  
  23  2:43  SCV  
  24  2:50  Orbital Command  
  24  2:55  SCV  
  25  3:08  SCV  
  26  3:17  Barracks Reactor, Armory  
  26  3:20  SCV  
  27  3:27  Factory  
  27  3:31  Command Center  
  27  3:32  SCV  
  28  3:35  SCV  
  29  3:45  Siege Tank  
  32  3:56  Marine x2  
  32  4:02  Supply Depot  
  34  4:03  SCV x2  
  36  4:33  Factory  
  36  4:34  Thor  
  42  4:42  SCV  
  42  4:43  SCV  
  44  4:48  Refinery  
  44  4:51  Refinery  
  44  4:53  Supply Depot  
  44  4:55  SCV x2  
  47  5:07  SCV x2  
  48  5:35  Hellion x2, Siege Tank  
  55  5:41  Factory Tech Lab  
  55  5:47  SCV  
  55  5:49  SCV x2  
  58  5:53  Supply Depot  
  58  5:59  SCV  
  58  6:01  SCV  
  58  6:02  SCV  
  61  6:11  Terran Vehicle Weapons Level 1, SCV  
  61  6:15  Armory  
  62  6:20  Command Center  
  62  6:24  SCV x2  
  64  6:27  Engineering Bay  
  64  6:39  Thor  
  70  6:40  Thor  
  70  6:41  Hellion  
  70  6:42  Hellion  
  80  7:04  Hellion x2  
  84  7:13  Factory  
  84  7:30  Supply Depot  
  84  7:31  SCV x2, Thor  
  84  7:32  Supply Depot  
  84  7:55  SCV x2  
  86  7:58  Thor  
  86  8:00  Hellion x2  
  86  8:03  Supply Depot  
  96  8:07  Supply Depot  
  96  8:09  Planetary Fortress  
  96  8:24  Factory Reactor  
  96  8:29  Factory  
  96  8:32  Missile Turret  
  96  8:34  SCV  
  97  8:35  SCV  
  97  8:40  Missile Turret  
  98  8:42  Missile Turret  
  98  8:46  SCV x2  
  98  8:47  Refinery  
  100  8:48  Refinery  
  100  8:52  Thor x2  
  100  8:54  Hellion x2  
  116  9:04  Hellion x2  
  120  9:13  Terran Vehicle Weapons Level 2  
  120  9:15  Supply Depot, SCV x3  
  123  9:27  SCV x3  
  123  9:31  Command Center  
  126  9:34  Factory Tech Lab, Thor  
  126  9:37  Siege Tank  
  135  9:39  Hellion x4  
  135  9:40  SCV  
  135  9:41  SCV  
  145  9:56  SCV x2  
  145  9:57  SCV  
  148  10:13  Supply Depot  
  148  10:14  Supply Depot  
  148  10:25  Siege Tank, SCV  
  148  10:26  Thor  
  158  10:40  Hellion x2  
  158  10:41  Siege Tank  
  165  10:49  SCV  
  166  10:53  SCV  
  166  10:54  SCV  
  168  11:01  SCV, Hellion x2  
  168  11:02  Hellion x2  
  168  11:03  Thor  
  183  11:09  Siege Tank  
  186  11:12  Supply Depot  
  186  11:13  Supply Depot  
  186  11:14  Siege Tank  
  189  11:25  Supply Depot  
  189  11:29  Terran Vehicle And Ship Armor Level 1  
  189  11:41  Siege Tank  
  192  11:49  Supply Depot  
  192  12:10  Siege Tank x2  
  114  12:45  Thor  
  114  12:46  Thor x2  
  114  12:47  Hellion  
  114  12:48  Hellion x3  
  104  13:08  SCV x3  
  107  13:20  SCV x3  
  107  13:22  Hellion x3  
  107  13:23  Hellion  
  118  13:28  Siege Tank, Thor  
  118  13:29  Siege Tank  
  94  13:51  Hellion x3  
  94  13:52  Hellion  
  96  14:00  Thor  
  96  14:01  Siege Tank  
  104  14:05  SCV  
  93  14:11  Thor  
  93  14:12  Command Center  
  93  14:15  Hellion x2  
  93  14:16  Hellion x2  
  103  14:34  Siege Tank  
  103  14:38  SCV x2  
  108  14:43  Planetary Fortress  
  108  14:49  Refinery  
  108  14:53  Hellion  
  108  14:54  Hellion x3  
  108  14:56  Siege Tank, Thor  
  109  15:07  Hellion  
  109  15:12  SCV x2  
  111  15:15  Hellion  
  113  15:24  SCV  
  113  15:25  SCV  
  113  15:28  Siege Tank x2  
  121  15:29  Command Center, Hellion  
  121  15:30  Hellion x2  
  121  15:34  Command Center  
  127  15:39  Siege Tank  
  130  15:44  Hellion  
  132  15:51  Terran Vehicle And Ship Armor Level 2  
  132  15:58  Refinery  
  132  15:59  Refinery  
  132  16:12  Refinery, SCV x2  
  132  16:13  SCV  
  135  16:21  Siege Tank, Thor  
  135  16:23  Hellion  
  146  16:31  SCV x3  
  149  16:43  SCV x2  
  151  16:56  Refinery  
  151  16:58  SCV x3  
  151  16:59  SCV  
  151  17:00  Orbital Command  
  155  17:03  Hellion x3  
  155  17:04  Hellion  
  155  17:05  Siege Tank, Thor  
  172  17:17  Supply Depot  
  172  17:25  Thor  
  172  17:26  Hellion x2  
  172  17:27  Hellion x2  
  186  17:39  Factory  
  186  17:40  Supply Depot  
  186  17:43  Thor  
  192  18:04  SCV x5  
  197  18:16  SCV x2  
  197  18:24  Factory  
  153  18:55  Hellion x2  
  150  18:56  Hellion x2  
  150  18:57  Siege Tank  
  150  18:58  Thor  
  150  18:59  Siege Tank  
  149  19:14  SCV x4  
  149  19:15  SCV  
  148  19:27  SCV x4  
  148  19:28  SCV  
  148  19:29  Thor  
  148  19:30  Hellion  
  148  19:31  Hellion x3  
  164  19:32  Thor  
  170  19:41  Thor, Missile Turret  
  156  20:08  SCV  
  156  20:09  SCV x3  
  156  20:12  Thor, Hellion x3  
  156  20:13  Hellion  
  168  20:15  Thor  
  170  20:24  Thor  
  163  20:46  SCV x2  
  163  20:47  SCV x3  
  147  20:55  Hellion  
  147  20:56  Hellion x3  
  155  20:57  Thor  
  155  20:58  Siege Tank  
  164  21:04  Factory Tech Lab  
  164  21:05  Factory Tech Lab  
  164  21:07  Thor  
  164  21:10  Supply Depot  
  170  21:15  Orbital Command  
  170  21:19  Orbital Command  
  170  21:24  Refinery  
  170  21:30  Thor  
  176  21:34  Missile Turret  
  176  21:40  Siege Tank  
  179  21:54  Missile Turret  
  179  21:58  Hellion x2  
  179  21:59  Hellion x2  
  179  22:00  Thor  
  193  22:06  Missile Turret  
  193  22:07  Thor  
  193  22:08  Missile Turret, Refinery x2  
  199  22:09  Missile Turret  
  193  22:37  Hellion x2  
  193  22:38  Hellion  
Tags
 
Add a new tag
Caveats
  • Supply blocks, unpowered buildings, or Contaminate may cause inaccurate times.
  • Supply counts are checked every 10 seconds.